 Dungeon Crawl Stone Soup version 0.31-a0-182-gc5ef74bbde (webtiles) character file.

Game seed: 6538345651414323461

3327 Hajna the Cleaver (level 10, 0/88 HPs)
             Began as a Hill Orc Fighter on June 21, 2023.
             Was a Priest of Beogh.
             Slain by Joseph
             ... wielding a +0 quarterstaff
              (6 damage)
             ... on level 8 of the Dungeon.
             The game lasted 00:19:33 (7056 turns).

Hajna the Cleaver (Hill Orc Fighter)                Turns: 7056, Time: 00:19:34

Health: 0/88       AC: 21    Str: 22    XL:     10   Next: 2%
Magic:  11/11      EV:  7    Int:  8    God:    Beogh [***...]
Gold:   457        SH:  5    Dex: 12    Spells: 9/9 levels left

rFire   . . .        a - +1 war axe
rCold   . . .        c - +0 buckler
rNeg    . . .        x - +3 plate armour
rPois   .            i - +1 helmet
rElec   .            g - +0 cloak {rCorr}
rCorr   +            w - +0 pair of gloves
SInv    .            (no boots)
Will    .....        (no amulet) Stlth
                     (no ring)
HPRegen 0.34/turn    (no ring)
MPRegen 0.12/turn

%: no passive effects
@: no status effects
A: no striking features
a: Renounce Religion, Smiting


You were on level 8 of the Dungeon.
You worshipped Beogh.
Beogh was most pleased with you.
You visited 1 branch of the dungeon, and saw 8 of its levels.

You collected 457 gold pieces.

Inventory:

Hand Weapons
 a - a +1 war axe (weapon)
Missiles
 d - 2 boomerangs
 q - 15 poisoned darts (quivered)
 y - 3 javelins
Armour
 b - a +0 scale mail
 c - a +0 buckler (worn)
 g - a +0 cloak of preservation (worn)
 i - a +1 helmet (worn)
 l - a +0 cloak
 w - a +0 pair of gloves (worn)
 x - a +3 plate armour (worn)
Jewellery
 o - an amulet of guardian spirit
Wands
 e - a wand of polymorph (11)
 p - a wand of flame (3)
 r - a wand of roots (11)
Scrolls
 f - 4 scrolls of teleportation
 h - 2 scrolls of revelation
 k - 2 scrolls of blinking
 n - 2 scrolls of identify
 v - a scroll of amnesia
 z - a scroll of fear
Potions
 m - 2 potions of haste
 s - a potion of magic
 t - 3 potions of curing
 u - 2 potions of attraction


   Skills:
 * Level 7.7 Fighting
 + Level 12.5 Axes
 + Level 0.2 Throwing
 + Level 7.3 Armour
 + Level 2.9 Dodging
 + Level 0.9 Stealth
 + Level 4.9 Shields
 * Level 2.6 Invocations


You had 9 spell levels left.
You didn't know any spells.
Your spell library contained the following spells:

 Spells                   Type           Power      Damage    Failure   Level
 Cigotuvi's Dreadful Rot  Necr/Pois/Air  0%         N/A       100%        2
 Ignite Poison            Fire/Tmut/Pois 0%         N/A       100%        3
 Freezing Cloud           Conj/Ice/Air   0%         6-21      100%        5
 Malign Gateway           Summ/Tloc      0%         N/A       100%        7
 Summon Horrible Things   Summ           0%         N/A       100%        8


Dungeon Overview and Level Annotations

Branches:
Dungeon (8/15)             Temple (0/1) D:7
   Lair: D:8-11

Altars:
Cheibriados
Fedhas
Wu Jian

Shops:
D:6 *

Annotations:
D:5 1 runed translucent door, Faragor's ghost, novice DECj
D:8 Joseph


Message History

You hit Joseph but do no damage.
Joseph is severely wounded.
You hit the yak. The yak gores you! Joseph hits you but does no damage.
You slash Joseph!
Joseph is almost dead.
You hit the yak. Joseph hits you but does no damage.
The yak gores you but does no damage.
You barely miss Joseph.
Joseph is almost dead.
You hit the yak but do no damage. You block the yak's attack.
Joseph hits you with a +0 quarterstaff!
* * * LOW HITPOINT WARNING * * *
You closely miss Joseph.
Joseph is almost dead.
You slash the yak!
You kill the yak!
Beogh accepts your kill.
You can now gain orcish followers.
Joseph hits you with a +0 quarterstaff!
* * * LOW HITPOINT WARNING * * *
You have reached level 10!
You feel stronger.
You hit Joseph.
Joseph is almost dead.
Joseph hits you with a +0 quarterstaff.
* * * LOW HITPOINT WARNING * * *
You feel better. Joseph hits you with a +0 quarterstaff!
* * * LOW HITPOINT WARNING * * *
You hit Joseph.
Joseph is almost dead.
Joseph hits you but does no damage.
You barely miss Joseph.
Joseph is almost dead.
You block Joseph's attack.
You barely miss Joseph.
Joseph is almost dead.
Joseph hits you but does no damage.
You barely miss Joseph.
Joseph is almost dead.
Joseph hits you with a +0 quarterstaff.
You die...

#..# #....)..#
##..# ##.....##
..#.# ##...##
.##.#######.##
###
............#
#..
.######.#####
#.# .# #.#
#.####### .#
#.# ##........
.# #.# #.@.# ..
#.# #.#@### .#
#.#######....)#
##
#...........†.#
##########....#
#...## #)).#
#...# #......


You could see Joseph.

Vanquished Creatures
  2 steam dragons
  3 yaks (D:8)
  A water moccasin (D:7)
  An orc warrior (D:6)
  2 black bears
  3 ice beasts
  An ogre (D:7)
  A centaur (D:6)
  2 phantoms
  2 kobold brigands
  2 bullfrogs (D:7)
  5 scorpions
  A howler monkey (D:5)
  4 jellies
  4 hounds
  Crazy Yiuf (D:4)
  4 orc priests
  3 iguanas
  Ijyb (D:5)
  11 orc wizards
  A mummy (D:7)
  Robin (D:3)
  4 gnolls (D:4)
  11 adders
  A white imp (D:6)
  3 ufetubi
  5 worms
  A dart slug (D:1)
  27 orcs
  7 endoplasms
  2 giant cockroaches
  11 hobgoblins
  6 jackals
  9 quokkas
  3 ball pythons
  4 bats
  6 frilled lizards
  11 goblins
  13 kobolds
  2 rats (D:1)
  A butterfly (D:7)
183 creatures vanquished.

Vanquished Creatures (others)
  A shadow imp (D:5)
  An orc (D:5)
2 creatures vanquished.

Grand Total: 185 creatures vanquished

Notes
Turn   | Place    | Note
-------+----------+-------------------------------------------
     0 | D:1      | Hajna the Hill Orc Fighter began the quest for the Orb.
     0 | D:1      | Reached XP level 1. HP: 19/19 MP: 1/1
   137 | D:1      | Found a faded altar of an unknown god.
   145 | D:1      | Reached XP level 2. HP: 27/27 MP: 2/2
   201 | D:1      | Reached skill level 3 in Axes
   284 | D:1      | Reached XP level 3. HP: 31/33 MP: 3/3
   990 | D:2      | Reached skill level 4 in Axes
   990 | D:2      | Reached XP level 4. HP: 37/40 MP: 4/4
  1744 | D:3      | Reached XP level 5. HP: 22/46 MP: 5/5
  1973 | D:3      | Reached skill level 5 in Axes
  1975 | D:3      | Noticed Robin
  1988 | D:3      | Killed Robin
  2099 | D:3      | You fall into a shaft and drop 2 floors!
  2099 | D:5      | Entered Level 5 of the Dungeon
  2110 | D:5      | Noticed a phantom
  2111 | D:5      | Found a runed translucent door.
  2111 | D:5      | Noticed Faragor's ghost (novice DECj)
  2206 | D:5      | Became a worshipper of Beogh the Brigand
  2209 | D:5      | Noticed Ijyb
  2217 | D:5      | Reached XP level 6. HP: 38/53 MP: 6/6
  2220 | D:5      | Reached skill level 6 in Axes
  2233 | D:5      | Killed Ijyb
  3073 | D:4      | Reached XP level 7. HP: 56/60 MP: 7/7
  3090 | D:4      | Reached skill level 5 in Fighting
  3297 | D:4      | Reached skill level 7 in Axes
  3297 | D:4      | Reached skill level 5 in Armour
  3306 | D:4      | Reached * piety under Beogh
  3339 | D:4      | Reached skill level 1 in Dodging
  3575 | D:4      | Reached skill level 8 in Axes
  3799 | D:4      | Found a runed translucent door.
  3800 | D:4      | Noticed Crazy Yiuf
  3878 | D:4      | Killed Crazy Yiuf
  4084 | D:5      | Reached XP level 8. HP: 47/69 MP: 8/8
  4185 | D:5      | Found an ornate altar of the Wu Jian Council.
  4186 | D:5      | Found a blossoming altar of Fedhas.
  4433 | D:5      | Reached skill level 9 in Axes
  5227 | D:6      | Reached skill level 10 in Axes
  5617 | D:6      | Found Uledeefu's General Store.
  5800 | D:7      | Reached XP level 9. HP: 75/75 MP: 9/9
  5814 | D:7      | Found a snail-covered altar of Cheibriados.
  5907 | D:7      | Reached skill level 11 in Axes
  6044 | D:7      | Reached ** piety under Beogh
  6516 | D:7      | Found a staircase to the Ecumenical Temple.
  6863 | D:8      | Reached skill level 12 in Axes
  6863 | D:8      | Reached skill level 1 in Invocations
  7015 | D:8      | Noticed Joseph
  7050 | D:8      | Reached *** piety under Beogh
  7051 | D:8      | Reached XP level 10. HP: 12/88 MP: 11/11
  7056 | D:8      | Slain by Joseph

Illustrated notes

Levels and vault maps discovered:
D:1:      sevenhm_arrival_forest_fort_small_4, layout_loops_ring,
          ebering_ecumenical_altar_abandoned, serial_park_tiny_1
D:2:      layout_loops_corners
D:3:      layout_loops_corners, uniq_robin
D:4:      layout_loops_ring, uniq_crazy_yiuf_cottage
D:5:      layout_basic, jmf_multi_god_temple, hellmonk_ghost_happy_afterlife,
          kennysheep_path_1, uniq_ijyb
D:6:      layout_basic, serial_shops, shop, minmay_misc_feat_pillars
D:7:      layout_loops_ring, slow_altar_1, minmay_temple_entry_butterflies
D:8:      layout_loops_ring, serial_shops, nicolae_shop_tiny_statue_garden,
          shop, uniq_joseph

Skill      XL: |  1  2  3  4  5  6  7  8  9 |
---------------+----------------------------+-----
Axes           | 3 4 5 6 8 10 12 | 12.5
Fighting       | 4 5 6 7 |  7.7
Armour         | 4 5 6 7 |  7.3
Shields        | 4 |  4.9
Dodging        | 1 2 |  2.9
Invocations    | 2 |  2.6
Throwing       | |  0.2
Stealth        | |  0.9

Action                     |  1- 3 |  4- 6 |  7- 9 | 10-12 || total
---------------------------+-------+-------+-------+-------++-------
  Melee: War axe           |    87 |   141 |   343 |     5 ||   576
  Throw: Dart              |       |     4 |       |       ||     4
 Invoke: Convert to Beogh  |       |     1 |       |       ||     1
    Use: Scroll            |       |     3 |    14 |       ||    17
         Potion            |       |       |     2 |     1 ||     3
   Stab: Confused          |       |     1 |       |       ||     1
 Armour: Scale mail        |    53 |    96 |   136 |       ||   285
         Skin              |       |    10 |       |       ||    10
         Plate armour      |       |       |    37 |     2 ||    39
  Dodge: Dodged            |    53 |    67 |   138 |       ||   258
  Block: Buckler           |    26 |    45 |    66 |     1 ||   138

Table legend: (Time is in decaauts)
 A = Elapsed time spent in this place.
 B = Non-inter-level travel time spent in this place.
 C = Inter-level travel time spent in this place.
 D = Time resting spent in this place.
 E = Time spent auto-exploring this place.
 F = Levels seen in this place.
 G = Mean time per level.
                   A        B        C        D        E       F      G
               +--------+--------+--------+--------+--------+-----+--------+
         Total |   7140 |   6862 |    278 |      0 |   5500 |   8 |  892.5 |
       Dungeon |   7140 |   6862 |    278 |      0 |   5500 |   8 |  892.5 |
               +--------+--------+--------+--------+--------+-----+--------+

Top non-repeatable levels by time:
     D:5: 1247 daAuts
     D:3: 1063 daAuts
     D:6: 991 daAuts
     D:2: 970 daAuts
     D:7: 952 daAuts
     D:4: 900 daAuts
     D:1: 668 daAuts
     D:8: 345 daAuts
